 Dungeon Crawl Stone Soup version 0.25-a0-356-g7c9d860b3b (webtiles) character file.

Game seed: 17354884650824021889, levelgen mode: deterministic

242332 Froggeryz the Executioner (level 18, -2/166 HPs)
             Began as a Minotaur Gladiator on Oct 25, 2019.
             Was the Champion of Okawaru.
             Slain by a tengu reaver
             ... wielding a +3 dire flail of protection
              (3 damage)
             ... on level 1 of the Vaults on Jan 3, 2020.
             The game lasted 01:19:15 (34840 turns).

Froggeryz the Executioner (Minotaur Gladiator)     Turns: 34840, Time: 01:19:15

Health: -2/166     AC: 38    Str: 24    XL:     18   Next: 67%
Magic:  24/24      EV:  7    Int: 11    God:    Okawaru [******]
Gold:   3344       SH:  6    Dex: 19    Spells: 17/17 levels left

rFire    . . .     SeeInvis .   T - +1 battleaxe (vamp)
rCold    + . .     Gourm    .   (shield currently unavailable)
rNeg     . . .     Faith    .   y - +7 crystal plate armour "Yfod" {Int+2 Dex+4}
rPois    +         Spirit   .   u - +2 hat
rElec    .         Reflect  +   C - scarf {repulsion}
rCorr    .         Harm     .   o - +0 pair of gloves
MR       ++...                  O - +1 pair of boots
Stlth    ..........             S - amulet "Giasof" {Reflect +Blink Int+2 SH+6}
HPRegen  0.37/turn              Y - ring of poison resistance
MPRegen  0.19/turn              D - +6 ring of protection

@: very heavily drained, repel missiles
A: retaliatory headbutt, horns 2, clever 1, cold resistance 1, magic resistance
1, MP-powered wands
}: 2/15 runes: decaying, serpentine
a: Heroism, Finesse, Renounce Religion, Evoke Blink


You were on level 1 of the Vaults.
You worshipped Okawaru.
Okawaru was exalted by your worship.
You were not hungry.

You visited 6 branches of the dungeon, and saw 32 of its levels.
You also visited: Sewer and Bailey.

You collected 3666 gold pieces.
You spent 322 gold pieces at shops.

Inventory:

Hand Weapons
 G - the +7 broad axe of Popular Demand {chop, Dex+6}
   (You found it on level 7 of the Dungeon)

   It inflicts extra damage upon your enemies.
   It affects your dexterity (+6).
 P - a +1 executioner's axe of electrocution
 R - a +1 war axe of flaming
 T - a +1 vampiric battleaxe (weapon)
Missiles
 d - a throwing net
 M - 13 curare-tipped darts
 Q - 10 silver javelins (quivered)
Armour
 o - a +0 pair of gloves (worn)
 u - a +2 hat (worn)
 y - the +7 crystal plate armour "Yfod" (worn) {Int+2 Dex+4}
   (Okawaru gifted it to you on level 4 of the Snake Pit)

   It affects your intelligence (+2).
   It affects your dexterity (+4).
 C - a scarf of repulsion (worn)
 O - a +1 pair of boots (worn)
Jewellery
 b - an uncursed ring of protection from cold
 m - an uncursed ring of protection from fire
 t - the macabre finger necklace {rN+}
   (You found it on level 2 of the Snake Pit)

   [amulet of nothing]

   It protects you from negative energy.
 z - an uncursed ring of see invisible
 A - an uncursed ring of protection from magic
 D - a +6 ring of protection (right hand)
 S - the amulet "Giasof" (around neck) {Reflect +Blink Int+2 SH+6}
   (You took it off a yaktaur on level 11 of the Dungeon)

   [amulet of reflection]

   It shields you and reflects attacks.
   It affects your intelligence (+2).
   It lets you blink.
   It affects your SH (+6).
 Y - a ring of poison resistance (left hand)
Wands
 c - a wand of iceblast (16)
 n - a wand of clouds (3)
 v - a wand of polymorph (13)
 w - a wand of scattershot (11)
 F - a wand of acid (25)
 K - a wand of random effects (12)
 L - a wand of paralysis (28)
 N - a wand of flame (35)
 X - a wand of digging (16)
Scrolls
 e - a scroll of magic mapping
 h - 6 scrolls of identify
 l - 8 scrolls of fog
 p - 4 scrolls of enchant armour
 q - 2 scrolls of blinking
 r - 14 scrolls of teleportation
 s - 15 scrolls of remove curse
 x - 2 scrolls of fear
 E - 3 scrolls of holy word
 H - a scroll of enchant weapon
Potions
 g - 6 potions of curing
 i - 5 potions of might
 k - 8 potions of flight
 B - a potion of mutation
 J - 5 potions of agility
 V - 2 potions of haste
 Z - 2 potions of resistance
Miscellaneous
 j - a phial of floods
 I - 3 phantom mirrors
 W - a fan of gales
Comestibles
 f - 60 rations


   Skills:
 + Level 15.9(11.0) Fighting
 - Level 26.0(20.0) Axes
 - Level 9.0(4.8) Throwing
 + Level 13.1(8.4) Armour
 - Level 8.6(4.5) Dodging
 - Level 6.3(2.4) Invocations
 - Level 10.3(6.0) Evocations


You had 17 spell levels left.
You didn't know any spells.
Your spell library contained the following spells:

 Spells                   Type           Power        Failure   Level  Hunger
 Animate Skeleton         Necr           N/A          100%        1    ##.....
 Apportation              Tloc           #.....       100%        1    ##.....
 Confusing Touch          Hex            #.....       100%        1    ##.....
 Foxfire                  Conj/Fire      #...         100%        1    ##.....
 Freeze                   Ice            #...         100%        1    ##.....
 Infusion                 Chrm           #...         100%        1    ##.....
 Magic Dart               Conj           #...         100%        1    ##.....
 Pain                     Necr           #...         100%        1    ##.....
 Sandblast                Erth           #.....       100%        1    ##.....
 Sting                    Tmut/Pois      #...         100%        1    ##.....
 Summon Butterflies       Summ           #.......     100%        1    ##.....
 Summon Small Mammal      Summ           #...         100%        1    ##.....
 Blink                    Tloc           N/A          100%        2    ###....
 Call Imp                 Summ           #.......     100%        2    ###....
 Passwall                 Tmut/Erth      #.......     100%        2    ###....
 Poisonous Vapours        Pois/Air       #.....       100%        2    ###....
 Searing Ray              Conj           #.....       100%        2    ###....
 Shroud of Golubria       Chrm/Tloc      #.....       100%        2    ###....
 Slow                     Hex            #.......     100%        2    ###....
 Song of Slaying          Chrm           #.......     100%        2    ###....
 Call Canine Familiar     Summ           #.......     100%        3    ####...
 Confuse                  Hex            #.......     100%        3    ####...
 Conjure Flame            Conj/Fire      #.......     100%        3    ####...
 Dazzling Flash           Conj/Hex       #.....       100%        3    ####...
 Gell's Gravitas          Tloc           #.........   100%        3    ####...
 Inner Flame              Hex/Fire       #.......     100%        3    ####...
 Lesser Beckoning         Tloc           #.........   100%        3    ####...
 Mephitic Cloud           Conj/Pois/Air  #.......     100%        3    ####...
 Ozocubu's Armour         Chrm/Ice       #.......     100%        3    ####...
 Regeneration             Chrm/Necr      #.........   100%        3    ####...
 Spectral Weapon          Hex/Chrm       #.......     100%        3    ####...
 Stone Arrow              Conj/Erth      #.....       100%        3    ####...
 Summon Guardian Golem    Hex/Summ       #.......     100%        3    ####...
 Teleport Other           Tloc           #.......     100%        3    ####...
 Tukima's Dance           Hex            #.......     100%        3    ####...
 Vampiric Draining        Necr           #.........   100%        3    ####...
 Animate Dead             Necr           N/A          100%        4    #####..
 Cause Fear               Hex            #.........   100%        4    #####..
 Fulminant Prism          Conj/Hex       #.........   100%        4    #####..
 Hailstorm                Conj/Ice       #.......     100%        4    #####..
 Iskenderun's Mystic Bla  Conj/Tloc      #.......     100%        4    #####..
 Olgreb's Toxic Radiance  Pois           #.......     100%        4    #####..
 Passage of Golubria      Tloc           N/A          100%        4    #####..
 Petrify                  Tmut/Erth      #.......     100%        4    #####..
 Sticky Flame             Conj/Fire      #.......     100%        4    #####..
 Summon Ice Beast         Ice/Summ       #.......     100%        4    #####..
 Summon Lightning Spire   Summ/Air       #.......     100%        4    #####..
 Alistair's Intoxication  Tmut/Pois      #.......     100%        5    ######.
 Bolt of Magma            Conj/Fire/Erth #.........   100%        5    ######.
 Fireball                 Conj/Fire      #.........   100%        5    ######.
 Iskenderun's Battlesphe  Conj/Chrm      #.......     100%        5    ######.
 Lee's Rapid Deconstruct  Erth           #.........   100%        5    ######.
 Metabolic Englaciation   Hex/Ice        #.........   100%        5    ######.
 Silence                  Hex/Air        #.........   100%        5    ######.
 Yara's Violent Unravell  Hex/Tmut       #.........   100%        5    ######.
 Deflect Missiles         Chrm/Air       #.........   100%        6    #######
 Invisibility             Hex            #.......     100%        6    #######
 Iron Shot                Conj/Erth      #.........   100%        6    #######
 Orb of Destruction       Conj           #.........   100%        7    #######
 Spellforged Servitor     Conj/Summ      #.........   100%        7    #######
 Discord                  Hex            #.........   100%        8    #######


Dungeon Overview and Level Annotations

Branches:
Dungeon (15/15)            Temple (0/1) D:6            Lair (6/6) D:10
  Swamp (4/4) Lair:2        Snake (4/4) Lair:3        Slime (0/5) Lair:5
    Orc (2/2) D:10            Elf (0/3) Orc:2        Vaults (1/5) D:14
 Depths (0/5) D:15          Sewer (visited)          Bailey (visited)

Altars:
Cheibriados
Fedhas
Gozag
Kikubaaqudgha
Makhleb
Okawaru
Ru
Trog
Vehumet
The Shining One

Shops:
D:11 *   D:13 !   D:14 ?%:   Orc:2 (*?%(

Annotations:
Lair:6 exclusion: oklob plant
Vaults:1 Owio's ghost, adept MiGl


Innate Abilities, Weirdness & Mutations

You reflexively headbutt those who attack you in melee.
You have a pair of horns on your head.
Your mind is acute. (Int +2)
Your flesh is cold resistant. (rC+)
You are resistant to hostile enchantments. (MR+)
You expend magic power (3 MP) to strengthen your wands.


Message History

The tengu reaver hits you but does no damage.
You block the tengu reaver's attack.
The tengu reaver claws you but does no damage.
Unknown command.
You hit Owio's ghost but do no damage. Your headbutt misses Owio's ghost.
Owio's ghost is severely damaged.
You hit the tengu reaver. You slash the slime creature!
You feel better. You block the slime creature's attack.
Unknown command.
Unknown command.
You miss Owio's ghost. Your headbutt misses Owio's ghost.
Owio's ghost is severely damaged.
You hit the slime creature.
You feel better.
You miss the tengu reaver. Owio's ghost hits you.
* * * LOW HITPOINT WARNING * * *
You feel drained.
The tengu reaver hits you with a +3 dire flail of protection!
* * * LOW HITPOINT WARNING * * *
The tengu reaver pecks you.
You die...

#..#.......#..#
#..#..?.|..#..#
#..#..#$#..#..#
#..#.#...#.#..#
#..#..#.#..#..#
#..#.*.....#..#
#..#.......#..#
#..###JQW###..#
#......@......#
#.............#
#############'##############
............................
............................
............))..............
...........)()..............
...........())..............
######'####################


You could see a tengu reaver, a slime creature, a battlesphere and Owio's ghost.

Vanquished Creatures
  Donald (Orc:2)
  A thorn hunter (Swamp:4)
  8 nagarajas
  Nessos (Lair:6)
  The ghost of Raiwk the Zephyrmancer, a journeyman DrAE of Vehumet (Lair:3)
  A yaktaur captain (Vaults:1)
  Josephine (Orc:2)
  A great orb of eyes (D:10)
  4 vault guards (D:14)
  5 ice dragons
  A ghost crab (Swamp:3)
  3 shambling mangroves
  16 hydras
  17 anacondas
  14 naga warriors
  5 centaur warriors
  20 two-headed ogres
  4 ogre magi (Orc:2)
  4 death yaks
  3 tengu warriors
  7 alligators
  Urug (Lair:5)
  9 naga sharpshooters
  9 shock serpents
  Sonja (Lair:6)
  3 salamander mystics (Snake:4)
  2 unseen horrors
  2 wizards
  4 swamp dragons
  A deep elf archer (Vaults:1)
  A necromancer (D:15)
  An orange crystal statue (D:12)
  7 naga ritualists
  2 ironbrand convokers (Vaults:1)
  11 mana vipers
  An orc knight (D:11)
  9 ugly things
  12 salamanders
  An orc sorcerer (Orc:1)
  A manticore (D:14)
  3 deep elf magi
  2 cyclopes
  23 elephants
  16 guardian serpents (Snake:4)
  18 naga magi
  42 black mambas
  3 gargoyles
  30 spiny frogs
  An efreet (D:14)
  3 rime drakes
  3 komodo dragons
  A kobold demonologist (D:12)
  4 yaktaurs
  2 polar bears (D:15)
  5 freezing wraiths
  5 trolls
  A queen bee (Lair:1)
  16 tyrant leeches
  15 hornets
  3 meliai (D:14)
  Prince Ribbit (D:6)
  24 slime creatures
  31 blink frogs
  A bog body (Swamp:2)
  15 dream sheep
  11 hippogriffs
  Sigmund (D:6)
  61 yaks
  2 vampires
  8 spriggans
  7 shadows
  A spriggan (shapeshifter) (D:11)
  8 wraiths
  3 hungry ghosts
  3 wyverns
  10 basilisks
  A human (shapeshifter) (D:13)
  2 swamp worm simulacra (Swamp:4)
  Grum (D:9)
  15 vampire mosquitoes
  27 insubstantial wisps
  9 swamp worms
  46 nagas
  A two-headed ogre zombie (D:10)
  4 wargs
  14 hydra simulacra (Swamp:4)
  2 hell hounds (Lair:6)
  5 porcupines
  14 orc warriors
  19 water moccasins
  3 ice beasts
  5 phantoms
  3 swamp drakes
  2 hornet zombies
  3 necrophages
  A black bear (D:10)
  2 eyes of draining
  6 sky beasts
  8 wolves
  28 ogres
  19 centaurs
  16 crocodiles
  3 big kobolds
  31 bullfrogs
  A gnoll sergeant (D:11)
  A water moccasin zombie (D:9)
  2 troll zombies (D:10)
  18 wights
  24 killer bees
  5 scorpions
  5 howler monkeys
  3 electric eels
  A lava snake (Lair:6)
  9 crimson imps
  5 bullfrog zombies
  3 quasits
  4 centaur zombies
  3 bullfrog skeletons
  7 jellies
  Crazy Yiuf (D:4)
  6 centaur skeletons
  11 hounds
  4 iguanas
  6 orc priests
  17 orc wizards
  Jessica (D:3)
  13 worker ants
  7 hell rats (Lair:5)
  5 ogre zombies (D:10)
  A hound zombie (D:5)
  3 hound skeletons
  A worker ant zombie (D:10)
  18 adders
  4 gnolls (D:7)
  A howler monkey skeleton (D:9)
  4 river rats (Sewer)
  7 shadow imps
  2 oozes
  6 swamp drake simulacra (Swamp:4)
  2 adder skeletons
  2 worms
  2 dart slugs (D:1)
  10 leopard geckos
  72 orcs
  4 ball pythons
  7 bats
  5 giant cockroaches
  10 hobgoblins
  8 jackals
  25 kobolds
  3 quokkas
  16 frilled lizards
  9 goblins
  A goblin skeleton (D:10)
  3 goblin zombies (D:10)
  A hobgoblin zombie (D:10)
  5 orc skeletons (D:10)
  15 orc zombies (D:10)
  3 rats
  A butterfly (Lair:4)
  2 fungi
  6 plants
1290 creatures vanquished.

Vanquished Creatures (others)
  An anaconda (Snake:4)
  A slime creature (Swamp:1)
  A swamp worm (Swamp:3)
  An orc warrior (Orc:2)
  A centaur (D:15)
  2 briar patches (Swamp:4)
  12 fungi
  50 plants
69 creatures vanquished.

Grand Total: 1359 creatures vanquished

Notes
Turn   | Place    | Note
-------+----------+-------------------------------------------
     0 | D:1      | Froggeryz the Minotaur Gladiator began the quest for the
                  | Orb.
     0 | D:1      | Reached XP level 1. HP: 18/18 MP: 0/0
   130 | D:1      | Reached skill level 4 in Axes
   143 | D:1      | Reached XP level 2. HP: 23/25 MP: 1/1
   229 | D:1      | Reached XP level 3. HP: 7/31 MP: 2/2
   690 | D:2      | Reached skill level 5 in Axes
   978 | D:2      | Reached XP level 4. HP: 35/38 MP: 3/3
  1054 | D:2      | Found a snail-covered altar of Cheibriados.
  1245 | D:3      | Noticed a necrophage
  1255 | D:3      | Killed a necrophage
  1255 | D:3      | Reached skill level 6 in Axes
  1255 | D:3      | Reached XP level 5. HP: 31/45 MP: 4/4
  1256 | D:3      | Found a glowing drain.
  1265 | Sewer    | Entered a sewer
  1562 | Sewer    | Reached skill level 7 in Axes
  1562 | Sewer    | Reached XP level 6. HP: 44/53 MP: 5/5
  1583 | Sewer    | Found a glowing silver altar of Zin.
  1660 | D:3      | Reached skill level 5 in Fighting
  1904 | D:3      | Noticed Jessica
  1914 | D:3      | Reached skill level 8 in Axes
  1920 | D:3      | Killed Jessica
  1923 | D:3      | Reached XP level 7. HP: 53/59 MP: 6/6
  1945 | D:3      | Found a burning altar of Makhleb.
  2274 | D:4      | Reached skill level 1 in Armour
  2429 | D:4      | Found a sacrificial altar of Ru.
  2490 | D:4      | Found a runed translucent door.
  2491 | D:4      | Noticed Crazy Yiuf
  2548 | D:4      | Found an iron altar of Okawaru.
  2556 | D:4      | Became a worshipper of Warmaster Okawaru
  2705 | D:4      | Killed Crazy Yiuf
  2744 | D:5      | Entered Level 5 of the Dungeon
  2795 | D:5      | Reached skill level 9 in Axes
  2909 | D:5      | Reached * piety under Okawaru
  2936 | D:5      | Reached XP level 8. HP: 66/69 MP: 7/7
  3218 | D:6      | Noticed Prince Ribbit
  3238 | D:6      | Killed Prince Ribbit
  3238 | D:6      | Reached skill level 10 in Axes
  3372 | D:6      | Reached ** piety under Okawaru
  3621 | D:6      | Found a staircase to the Ecumenical Temple.
  3621 | D:6      | Noticed Sigmund
  3652 | D:6      | Killed Sigmund
  3652 | D:6      | Reached skill level 11 in Axes
  3652 | D:6      | Reached skill level 5 in Armour
  3652 | D:6      | Reached XP level 9. HP: 47/81 MP: 8/8
  4453 | D:7      | HP: 4/81 [poisoned by a gnoll]
  4759 | D:7      | Found a radiant altar of Vehumet.
  4821 | D:7      | Got an ancient broad axe
  4822 | D:7      | Identified the +7 broad axe of Popular Demand {chop, Dex+6}
                  | (You found it on level 7 of the Dungeon)
  4986 | D:7      | Reached *** piety under Okawaru
  4986 | D:7      | Reached skill level 12 in Axes
  5004 | D:7      | Found an iron altar of Okawaru.
  5245 | D:8      | Found a blossoming altar of Fedhas.
  5251 | D:8      | Found an ancient bone altar of Kikubaaqudgha.
  5269 | D:8      | Found an iron altar of Okawaru.
  5373 | D:8      | Found an opulent altar of Gozag.
  5426 | D:8      | Reached skill level 1 in Evocations
  5550 | D:8      | Found a flagged portal.
  5564 | Bailey   | Entered a bailey
  5683 | Bailey   | Reached XP level 10. HP: 89/91 MP: 10/10
  5683 | Bailey   | Reached **** piety under Okawaru
  5683 | Bailey   | Reached skill level 13 in Axes
  5684 | Bailey   | Found a bloodstained altar of Trog.
  5696 | Bailey   | Identified the Compendium of Poisonous Ignition
  6089 | D:9      | Found a burning altar of Makhleb.
  6098 | D:9      | Noticed Grum
  6112 | D:9      | Killed Grum
  6204 | D:9      | Got a steaming spear
  6206 | D:9      | Identified the +11 spear "Qoll" {flame, rPois rF+} (You
                  | found it on level 9 of the Dungeon)
  6432 | D:9      | Found a glowing golden altar of the Shining One.
  6432 | D:9      | Found a bloodstained altar of Trog.
  6490 | D:10     | Entered Level 10 of the Dungeon
  6506 | D:10     | Reached skill level 14 in Axes
  6513 | D:10     | Reached ***** piety under Okawaru
  6812 | D:10     | Found a staircase to the Orcish Mines.
  6841 | D:10     | Received a gift from Okawaru
  6905 | D:10     | Reached skill level 15 in Axes
  6905 | D:10     | Reached skill level 5 in Evocations
  6946 | D:10     | Reached XP level 11. HP: 78/97 MP: 13/13
  7101 | D:10     | Found a staircase to the Lair.
  7103 | D:10     | Noticed a two-headed ogre
  7109 | D:10     | Killed a two-headed ogre
  7109 | D:10     | Received a gift from Okawaru
  7337 | D:10     | Reached skill level 16 in Axes
  7711 | D:10     | Noticed a great orb of eyes
  7718 | D:10     | Killed a great orb of eyes
  7777 | D:11     | Noticed a green ugly thing
  7784 | D:11     | Killed a green ugly thing
  7847 | D:11     | Reached skill level 5 in Dodging
  7849 | D:11     | Identified the cursed +1 long sword "Raczay" {elec, rF+ MR+
                  | Str+4}
  7877 | D:11     | Received a gift from Okawaru
  7888 | D:11     | Identified the amulet "Giasof" {Reflect +Blink Int+2 SH+6}
  7901 | D:11     | Received a gift from Okawaru
  7924 | D:11     | Reached skill level 17 in Axes
  7924 | D:11     | Reached XP level 12. HP: 45/104 MP: 15/15
  7930 | D:11     | Noticed a six-headed hydra
  7936 | D:11     | Killed a six-headed hydra
  7964 | D:11     | Noticed a centaur warrior
  7972 | D:11     | Killed a centaur warrior
  7991 | D:11     | Noticed an ice dragon
  8004 | D:11     | Reached ****** piety under Okawaru
  8004 | D:11     | Killed an ice dragon
  8183 | D:11     | Got a translucent flail
  8220 | D:11     | Identified the cursed +3 flail "Bibo" {drain, -Tele rPois
                  | rN+++ Str+2} (You found it on level 11 of the Dungeon)
  8674 | D:11     | Found Opyzegol's General Store.
  8682 | D:11     | Bought a potion of might for 48 gold pieces
  8771 | D:11     | Received a gift from Okawaru
  8970 | Lair:1   | Entered Level 1 of the Lair of Beasts
  8983 | Lair:1   | Reached skill level 18 in Axes
 10115 | Lair:2   | Reached XP level 13. HP: 96/111 MP: 16/16
 10328 | Lair:2   | Reached skill level 10 in Armour
 10384 | Lair:2   | Found a staircase to the Swamp.
 10674 | Lair:3   | Found a staircase to the Snake Pit.
 10810 | Lair:3   | Found a large runed translucent door.
 10812 | Lair:3   | Found a large runed translucent door.
 10875 | Lair:3   | Got a warped scale mail
 10879 | Lair:3   | Identified the +6 scale mail of the Dungeon {+Fly rPois}
                  | (You found it on level 3 of the Lair of Beasts)
 10954 | Lair:3   | Received a gift from Okawaru
 11237 | Lair:3   | Gained mutation: You are occasionally teleported next to
                  | monsters. [potion of mutation]
 11237 | Lair:3   | Gained mutation: You are resistant to hostile enchantments.
                  | (MR+) [potion of mutation]
 11237 | Lair:3   | Gained mutation: You possess an exceptional clarity of
                  | mind. [potion of mutation]
 11237 | Lair:3   | Gained mutation: You have sharp fingernails. [potion of
                  | mutation]
 11297 | Lair:3   | Noticed Raiwk's ghost (journeyman DrAE)
 11307 | Lair:3   | Killed Raiwk's ghost
 11307 | Lair:3   | Reached skill level 19 in Axes
 11689 | Lair:4   | Reached skill level 10 in Fighting
 12060 | Lair:4   | Reached skill level 5 in Throwing
 12667 | Lair:5   | Received a gift from Okawaru
 12703 | Lair:5   | Noticed Urug
 12718 | Lair:5   | Received a gift from Okawaru
 12721 | Lair:5   | Killed Urug
 12721 | Lair:5   | Reached XP level 14. HP: 64/122 MP: 18/18
 13060 | Lair:5   | Reached skill level 20 in Axes
 13166 | Lair:5   | Found a staircase to the Slime Pits.
 13701 | Lair:6   | Entered Level 6 of the Lair of Beasts
 13817 | Lair:6   | Noticed Sonja
 13819 | Lair:6   | Killed Sonja
 13851 | Lair:6   | Received a gift from Okawaru
 13890 | Lair:6   | Noticed Nessos
 13917 | Lair:6   | Killed Nessos
 14687 | Lair:6   | Reached skill level 21 in Axes
 14802 | Lair:6   | Reached XP level 15. HP: 19/132 MP: 20/20
 15132 | Lair:6   | Found a blossoming altar of Fedhas.
 15144 | Lair:6   | Received a gift from Okawaru
 15982 | D:12     | Received a gift from Okawaru
 16296 | D:13     | Received a gift from Okawaru
 16297 | D:13     | Got a pair of steaming boots {god gift}
 16298 | D:13     | Identified the -2 pair of boots of Boredom {Str+4 Stlth+}
                  | (Okawaru gifted it to you on level 13 of the Dungeon)
 16771 | D:13     | Found Mebuv's Distillery.
 16779 | D:13     | Bought a potion of curing for 42 gold pieces
 16779 | D:13     | Bought a potion of might for 56 gold pieces
 17324 | D:14     | Found a gate to the Vaults.
 17542 | D:14     | Found Xeim's Book Emporium.
 17567 | D:14     | Found Ashraj's Food Emporium.
 17571 | D:14     | Found Kerr's Magic Scroll Shoppe.
 17586 | D:14     | Bought a scroll of blinking for 127 gold pieces
 17872 | D:15     | Entered Level 15 of the Dungeon
 17959 | D:15     | Found a staircase to the Depths.
 18149 | D:15     | Found a bloodstained altar of Trog.
 18312 | D:15     | Received a gift from Okawaru
 18312 | D:15     | Reached skill level 22 in Axes
 18363 | D:15     | Identified the +4 battleaxe "Cifeg" {chop, rPois MP-9 Int+3
                  | SInv} (Okawaru gifted it to you on level 15 of the Dungeon)
 18911 | Orc:1    | Entered Level 1 of the Orcish Mines
 19139 | Orc:2    | Entered Level 2 of the Orcish Mines
 19283 | Orc:2    | Found a staircase to the Elven Halls.
 19381 | Orc:2    | Found a burning altar of Makhleb.
 19410 | Orc:1    | Noticed Josephine
 19423 | Orc:2    | Killed Josephine
 19827 | Orc:2    | Noticed Donald
 19838 | Orc:2    | Killed Donald
 19861 | Orc:2    | Reached skill level 10 in Evocations
 19867 | Orc:2    | Reached XP level 16. HP: 98/144 MP: 22/22
 20201 | Orc:2    | Received a gift from Okawaru
 20526 | Orc:1    | Upgraded the game from 0.25-a0-55-g0753fd1ad2 to
                  | 0.25-a0-59-gf342c8b036
 20526 | Orc:1    | Upgraded the game from 0.25-a0-59-gf342c8b036 to
                  | 0.25-a0-356-g7c9d860b3b
 20545 | Orc:2    | Received a gift from Okawaru
 20546 | Orc:2    | Found Gunuwn's Weapon Emporium.
 20566 | Orc:2    | Found Zinem's Magic Scroll Shop.
 20567 | Orc:2    | Found Nunit's General Store.
 20616 | Orc:2    | Found Juzu's Food Shop.
 20616 | Orc:2    | Found Fouliarr's Antique Weapon Shoppe.
 20626 | Orc:2    | Bought a scroll of fear for 49 gold pieces
 21049 | Swamp:1  | Entered Level 1 of the Swamp
 21882 | Swamp:1  | Reached skill level 23 in Axes
 22978 | Swamp:2  | Reached skill level 1 in Invocations
 24668 | Swamp:3  | Received a gift from Okawaru
 25167 | Swamp:3  | Lost mutation: You have sharp fingernails. [potion of
                  | mutation]
 25167 | Swamp:3  | Lost mutation: You possess an exceptional clarity of mind.
                  | [potion of mutation]
 25167 | Swamp:3  | Gained mutation: You expend magic power (3 MP) to
                  | strengthen your wands. [potion of mutation]
 25167 | Swamp:3  | Gained mutation: Your mind is acute. (Int +2) [potion of
                  | mutation]
 25167 | Swamp:3  | Gained mutation: Your mind is very acute. (Int +4) [potion
                  | of mutation]
 25765 | Swamp:4  | Entered Level 4 of the Swamp
 25883 | Swamp:4  | Lost mutation: Your mind is very acute. (Int +4) [potion of
                  | mutation]
 25883 | Swamp:4  | Lost mutation: You are occasionally teleported next to
                  | monsters. [potion of mutation]
 25883 | Swamp:4  | Gained mutation: Your flesh is cold resistant. (rC+)
                  | [potion of mutation]
 26060 | Swamp:4  | HP: 6/146 [tyrant leech (8)]
 26504 | Swamp:4  | Received a gift from Okawaru
 26516 | Swamp:4  | Noticed a thorn hunter
 27300 | Swamp:4  | Killed a thorn hunter
 27300 | Swamp:4  | Reached XP level 17. HP: 144/152 MP: 23/23
 27385 | Swamp:4  | Reached skill level 24 in Axes
 27951 | Swamp:4  | Reached skill level 5 in Invocations
 28318 | Swamp:4  | Got a decaying rune of Zot
 28527 | Snake:1  | Entered Level 1 of the Snake Pit
 28623 | Snake:1  | Received a gift from Okawaru
 30722 | Snake:2  | Found the macabre finger necklace {rN+}
 31369 | Snake:3  | Received a gift from Okawaru
 31369 | Snake:3  | Reached skill level 25 in Axes
 32225 | Snake:4  | Entered Level 4 of the Snake Pit
 32446 | Snake:4  | Received a gift from Okawaru
 32452 | Snake:4  | HP: 11/228 [poisoned by a naga ritualist]
 32456 | Snake:4  | HP: 5/228 [poisoned by a naga ritualist (toxic radiance)]
 32458 | Snake:4  | HP: 1/152 [poisoned by a naga ritualist (toxic radiance)]
 32556 | Snake:4  | Received a gift from Okawaru
 32567 | Snake:4  | Got a faintly glowing crystal plate armour {god gift}
 32568 | Snake:4  | Identified the +7 crystal plate armour "Yfod" {Int+2 Dex+4}
                  | (Okawaru gifted it to you on level 4 of the Snake Pit)
 32984 | Snake:4  | Identified the +1 ring mail of the Imp {Str+4}
 33215 | Snake:4  | Reached XP level 18. HP: 115/160 MP: 24/24
 33326 | Snake:4  | Reached skill level 26 in Axes
 34024 | Snake:4  | Reached skill level 15 in Fighting
 34079 | Snake:4  | Received a gift from Okawaru
 34156 | Snake:4  | Received a gift from Okawaru
 34176 | Snake:4  | Got a serpentine rune of Zot
 34689 | Vaults:1 | Entered Level 1 of the Vaults
 34739 | Vaults:1 | Found a runed translucent gate.
 34739 | Vaults:1 | Found a runed translucent gate.
 34739 | Vaults:1 | Found a runed translucent gate.
 34739 | Vaults:1 | Noticed Owio's ghost (adept MiGl)
 34838 | Vaults:1 | HP: 5/166 [Owio's ghost (4)]
 34840 | Vaults:1 | HP: 1/166 [tengu reaver/+3 dire flail of protection (8)]
 34840 | Vaults:1 | Slain by a tengu reaver

Levels and vault maps discovered:
D:1:      elethiomel_arrival_maze, layout_rooms, minmay_lizard_king
D:2:      layout_rooms, cheibriados_altar_1
D:3:      layout_rooms, first_ration, portal_sewer_entry_d,
          makhleb_heckhound_becter, uniq_jessica
D:4:      layout_cave_pools, kennysheep_mini, kennysheep_okawaru_gauntlet,
          uniq_crazy_yiuf_cottage
D:5:      layout_rooms
D:6:      layout_loops_ring, temple_green, uniq_sigmund, uniq_prince_ribbit1
D:7:      layout_loops_ring, lemuel_round_altar, basic_altar
D:8:      layout_basic, grunt_temple_overflow_growth_and_decay,
          old_standard_altar, basic_altar, enter_bailey_2, the_bakery
D:9:      layout_gridville, lemuel_round_altar,
          gammafunk_temple_overflow_elements, st_stairs_13, uniq_grum
D:10:     layout_basic, david_lair_generic, zombieorc2_lemuel, hex_medium,
          nzn_random_ring
D:11:     minmay_the_grid_square_5x5_5x5_mashed
          [minmay_the_grid_square_5x5_doubleslash,
          minmay_the_grid_square_5x5_six, minmay_the_grid_square_5x5_moneybag,
          minmay_the_grid_square_5x5_tri_point,
          minmay_the_grid_square_5x5_pentomino_r,
          minmay_the_grid_square_5x5_shrine2,
          minmay_the_grid_square_5x5_prize_waves,
          minmay_the_grid_square_5x5_fancy_junction,
          minmay_the_grid_square_5x5_prize_open, minmay_the_grid_square_5x5_v,
          minmay_the_grid_square_5x5_three, minmay_the_grid_square_5x5_n_small,
          minmay_the_grid_square_5x5_prize_pseudospiral,
          minmay_the_grid_square_5x5_intrusive_squares,
          minmay_the_grid_square_5x5_n, minmay_the_grid_square_5x5_bracketed,
          minmay_the_grid_square_5x5_prize_itemx,
          minmay_the_grid_square_5x5_comb,
          minmay_the_grid_square_5x5_prize_deathbox,
          minmay_the_grid_square_5x5_almost_minimal,
          minmay_the_grid_square_5x5_bridge, minmay_the_grid_square_5x5_two,
          minmay_the_grid_square_5x5_z, minmay_the_grid_square_5x5_two_small,
          minmay_the_grid_square_5x5_three_small], layout_rooms, serial_shops,
          nicolae_shop_crystal, lightli_orcish_oven
D:12:     layout_roguey, minivault_15, minmay_misc_feat_five,
          minmay_variable_closet
D:13:     layout_roguey, serial_shops, nicolae_shop_window_shopping
D:14:     layout_roguey, lightli_vaults_fourway_checkpoint,
          chequers_serial_rivers_marsh, serial_shops, shop,
          nicolae_shop_temple_entry_statues_fountains, shop_coins,
          hangedman_abyss_or_decor_stabs
D:15:     grunt_enter_depths_magical_seal, layout_layer_cave,
          trog_ov_bears_minmay
Lair:1:   layout_roguey, special_room [special_room_bee], grunt_megastairs_4
Lair:2:   layout_regular_city, swamp_mist_pool, grunt_megastairs_5
Lair:3:   layout_chaotic_city, dummy_snake_entry, ebering_ghost_disaster_area,
          lemuel_fruit_fields
Lair:4:   layout_roguey, nicolae_quartered_pool_medium, minmay_shattered_shrine,
          lemuel_fruit_tree, grunt_megastairs_3, infiniplex_staircase_pool,
          lemuel_fruit_fields
Lair:5:   layout_misc_corridors, minmay_slime_entry_pillars,
          serial_bayou_shore_a, uniq_urug
Lair:6:   minmay_lair_end_frog_pond, layout_gridlike, enter_volcano_3,
          tgw_fedhas, uniq_nessos, uniq_sonja
Swamp:1:  layout_basic_swamp, infiniplex_staircase_pool_2
Swamp:2:  layout_basic_swamp, nicolae_swamp_little_tower
Swamp:3:  layout_basic_swamp, nicolae_swamp_dense_foliage, swamp_pool4
Swamp:4:  swamp_icy, layout_basic_swamp, swamp_pool4
Snake:1:  layout_layer_cave
Snake:2:  layout_grid_maze
Snake:3:  layout_cave_pods
Snake:4:  grunt_snake_rune_serpentine_throne, layout_cave_town
Orc:1:    layout_diamond_mine, uniq_josephine
Orc:2:    st_orc_ogre_mass, layout_caves, basic_altar, serial_shops, shop,
          uniq_donald
Vaults:1: gammafunk_vaults_ghost_split, nicolae_vaults_twisting_passages,
          grunt_vaults_swirl, nicolae_vaults_big_ls, v_misc_4,
          hangedman_vaults_cutoff, dpeg_vaults_monster_box,
          nicolae_vaults_circle_grid_b, vaults_room_door_ring,
          vaults_room_hallway, nicolae_vaults_rhombus_7, layout_vaults_ring

Skill      XL: |  1  2  3  4  5  6  7  8  9 10 11 12 13 14 15 16 17 18 |
---------------+-------------------------------------------------------+-----
Axes           | 4 5 6 7 8 9 11 12 15 17 18 19 21 22 23 25 26 | 26.0
Fighting       | 3 4 5 6 7 9 10 12 13 14 15 | 15.9
Armour         | 2 5 6 9 10 13 | 13.1
Evocations     | 2 5 6 7 8 10 | 10.3
Dodging        | 6 8 |  8.6
Throwing       | 5 7 9 |  9.0
Invocations    | 4 6 |  6.3

Action                   |  1- 3 |  4- 6 |  7- 9 | 10-12 | 13-15 | 16-18 || total
-------------------------+-------+-------+-------+-------+-------+-------++-------
Melee: War axe           |    47 |    99 |   203 |       |       |     8 ||   357
       Headbutt          |     8 |    17 |    68 |   116 |   279 |   349 ||   837
       Broad axe         |       |       |    75 |   437 |   945 |   583 ||  2040
       Flail             |       |       |       |       |    43 |    20 ||    63
       Executioner's axe |       |       |       |       |       |   356 ||   356
       Battleaxe         |       |       |       |       |       |   272 ||   272
Throw: Throwing net      |       |       |     1 |       |       |     1 ||     2
       Boomerang         |       |       |       |    14 |     9 |       ||    23
       Dart              |       |       |       |     2 |       |       ||     2
       Javelin           |       |       |       |       |       |    11 ||    11
 Abil: Evoke Blink       |       |       |       |       |       |     1 ||     1
Evoke: Wand              |       |       |       |    13 |     9 |     2 ||    24
  Use: Scroll            |       |     3 |    18 |     9 |     9 |    14 ||    53
       Potion            |       |       |     6 |    12 |     8 |    12 ||    38
 Stab: Paralysed         |       |       |       |     3 |       |       ||     3
  Eat: Chunk             |       |     3 |    12 |    17 |    32 |    18 ||    82
       Ration            |       |       |       |       |       |     9 ||     9
Armor: Ring mail         |    17 |    39 |   109 |   135 |     7 |       ||   307
       Leather armour    |     1 |       |       |       |       |       ||     1
       Scale mail        |       |       |       |       |   229 |       ||   229
       Plate armour      |       |       |       |       |    27 |   394 ||   421
       Crystal plate arm |       |       |       |       |       |   287 ||   287
Dodge: Dodged            |    46 |    81 |   195 |   370 |   584 |   563 ||  1839
       Deflected         |       |       |       |       |    20 |    54 ||    74
Block: Other             |       |       |       |    17 |   207 |   298 ||   522
       Reflection        |       |       |       |       |    11 |    15 ||    26

Table legend:
 A = Non-vault XP
 B = Vault XP
 C = Vault XP percentage of total XP
 D = Non-vault monster count
 E = Vault monster count
 F = Vault count percentage of total count
                 A         B        C        D         E       F
            +---------+---------+-------+---------+---------+-------
      Total |  220866 |  127466 |  36.6 |     881 |     404 |  31.4
            +---------+---------+-------+---------+---------+-------
        D:1 |      39 |      17 |  30.4 |      15 |      15 |  50.0
        D:2 |      61 |       0 |   0.0 |      18 |       0 |   0.0
        D:3 |     375 |      90 |  19.4 |      29 |       3 |   9.4
        D:4 |     157 |      40 |  20.3 |      12 |       1 |   7.7
        D:5 |     761 |       0 |   0.0 |      25 |       0 |   0.0
        D:6 |     785 |     497 |  38.8 |      17 |       2 |  10.5
        D:7 |    1388 |       0 |   0.0 |      27 |       0 |   0.0
        D:8 |     728 |     211 |  22.5 |      27 |       1 |   3.6
        D:9 |     590 |     796 |  57.4 |      13 |       7 |  35.0
       D:10 |    5374 |    3892 |  42.0 |      44 |      54 |  55.1
       D:11 |    5132 |    9397 |  64.7 |      48 |      45 |  48.4
       D:12 |    5778 |     662 |  10.3 |      38 |       1 |   2.6
       D:13 |    8135 |       0 |   0.0 |      24 |       0 |   0.0
       D:14 |    7035 |    7181 |  50.5 |      32 |      12 |  27.3
       D:15 |    6852 |    4490 |  39.6 |      21 |      10 |  32.3
     Lair:1 |    2508 |    1686 |  40.2 |      14 |      18 |  56.2
     Lair:2 |    3750 |     590 |  13.6 |      19 |       2 |   9.5
     Lair:3 |    4499 |    1083 |  19.4 |      20 |       1 |   4.8
     Lair:4 |   11504 |    4548 |  28.3 |      48 |       9 |  15.8
     Lair:5 |   10350 |    1714 |  14.2 |      30 |       5 |  14.3
     Lair:6 |   16704 |   14854 |  47.1 |      50 |      51 |  50.5
    Swamp:1 |   13747 |       0 |   0.0 |      48 |       0 |   0.0
    Swamp:2 |   14267 |       0 |   0.0 |      34 |       0 |   0.0
    Swamp:3 |    7770 |       0 |   0.0 |      25 |       0 |   0.0
    Swamp:4 |    8533 |    7706 |  47.5 |      17 |      30 |  63.8
    Snake:1 |   18455 |       0 |   0.0 |      35 |       0 |   0.0
    Snake:2 |   16041 |       0 |   0.0 |      24 |       0 |   0.0
    Snake:3 |    8358 |       0 |   0.0 |      14 |       0 |   0.0
    Snake:4 |   34286 |   41110 |  54.5 |      69 |      64 |  48.1
      Orc:1 |    1266 |     412 |  24.6 |       9 |       2 |  18.2
      Orc:2 |    1470 |   23662 |  94.2 |      26 |      41 |  61.2
   Vaults:1 |    4168 |    2241 |  35.0 |       9 |       3 |  25.0
      Sewer |       0 |     162 | 100.0 |       0 |      11 | 100.0
     Bailey |       0 |     425 | 100.0 |       0 |      16 | 100.0
            +---------+---------+-------+---------+---------+-------
